 Dungeon Crawl Stone Soup version 0.28-a0-1616-g050a50673c (webtiles) character file.

Game seed: 7584965270886363691

96 frimble the Cutter (level 4, -1/33 HPs)
             Began as a Demonspawn Warper on Jan 23, 2022.
             Slain by a goblin (3 damage)
             ... led by Robin
             ... on level 4 of the Dungeon.
             The game lasted 00:03:03 (2704 turns).

frimble the Cutter (Demonspawn Warper)              Turns: 2704, Time: 00:03:03

Health: -1/33      AC:  6    Str: 11    XL:     4   Next: 41%
Magic:  7/7        EV: 11    Int: 16    God:
Gold:   149        SH:  0    Dex: 13    Spells: 7/7 levels left

rFire   . . .      SeeInvis .   e - +0 rapier
rCold   . . .      Faith    .   (no shield)
rNeg    . . .      Spirit   .   b - +1 leather armour
rPois   .          Reflect  .   (no helmet)
rElec   .          Harm     .   (no cloak)
rCorr   .          Rampage  .   (no gloves)
Will    .....                   (no boots)
Stlth   ++........              (no amulet)
HPRegen 0.11/turn               (no ring)
MPRegen 0.10/turn               (no ring)

@: no status effects
A: slimy green scales 1, demonic guardian 1
a: no special abilities


You were on level 4 of the Dungeon.
You visited 1 branch of the dungeon, and saw 4 of its levels.

You collected 149 gold pieces.

Inventory:

Hand Weapons
 e - a +0 rapier (weapon)
Missiles
 d - 2 boomerangs of dispersal
 l - 2 poisoned darts (quivered)
Armour
 b - a +1 leather armour (worn)
Scrolls
 c - a scroll of blinking
 f - 2 scrolls of teleportation
 k - a scroll of vulnerability
 n - a scroll of magic mapping
Potions
 g - a potion of mutation
 h - a potion of heal wounds {unknown}
 i - 2 potions of flight {unknown}
 m - a potion of curing


   Skills:
 - Level 2.0 Fighting
 + Level 3.2 Short Blades
 + Level 1.6 Throwing
 - Level 1.0 Armour
 - Level 1.7 Dodging
 - Level 2.2 Stealth
 - Level 2.0 Spellcasting
 - Level 2.7 Translocations


You had 7 spell levels left.
You didn't know any spells.
Your spell library contained the following spells:

 Spells                   Type           Power      Damage    Failure   Level
 Blink                    Tloc           20%        N/A       14%         2
 Gell's Gravitas          Tloc           10%        N/A       26%         3
 Lesser Beckoning         Tloc           10%        N/A       26%         3
 Teleport Other           Tloc           10%        N/A       26%         3
 Manifold Assault         Tloc           10%        N/A       94%         5


Dungeon Overview and Level Annotations

Branches:
Dungeon (4/15)
 Temple: D:4-7

Altars:


Innate Abilities, Weirdness & Mutations

You are partially covered in slimy green scales. (AC +2)
A weak demonic guardian rushes to your aid.


Message History

You kill the goblin!
The goblin unwields a +0 club.
The goblin wields a +0 hunting sling.
The goblin shoots a stone.
The stone hits you.
* * * LOW HITPOINT WARNING * * *
A demonic guardian appears!
What are your orders? t - Shout!
Orders for allies: a - Attack new target. r - Retreat! s - Stop attacking. g - Guard the area. f - Follow me.
Anything else - Cancel.
Gang up on whom?
Press: ? - help, Dir - move target, f - goblin
Aim: a goblin, wielding a +0 club Attack!
You puncture the goblin!
You kill the goblin!
The goblin shoots a stone.
The stone barely misses your shadow imp.
The stone barely misses you.
The goblin shoots a stone.
The stone hits your shadow imp.
The goblin shoots a stone.
The stone hits your shadow imp.
The goblin completely misses your shadow imp.
The goblin shoots a stone.
The stone closely misses your shadow imp.
The stone hits you but does no damage.
The goblin barely misses your shadow imp.
The goblin shoots a stone.
The stone barely misses your shadow imp.
The stone closely misses you.
The goblin hits your shadow imp with a +0 club.
Your shadow imp dies!
Your shadow imp disappears in a puff of smoke!
The goblin unwields a +0 hunting sling.
The goblin wields a +0 club.
The goblin hits you but does no damage. The goblin hits you with a +0 club.
* * * LOW HITPOINT WARNING * * *
Things that are here:
a +0 club; a goblin corpse You closely miss the goblin.
The goblin hits you with a +0 club.
You die...

..........#.....#
#...........#.)...#
#...........'.....#
#.....###...###...#
#.....###..)###...#
#.................#
#.....§.§.........#
#.................#
#.......@g........#
#......##g........#
####'####.......[.#
#......##....#######
#......##....#.....#
#............#.....#
#########)...#.....#
#.)..#.....#
#..).'.....#


You could see 2 goblins.

Vanquished Creatures
  Natasha (D:2)
  An adder (D:2)
  A worm (D:3)
  A dart slug (D:1)
  An orc (D:3)
  3 bats
  3 endoplasms (D:3)
  2 giant cockroaches (D:3)
  8 goblins
  4 hobgoblins
  5 kobolds
  2 quokkas (D:3)
  5 ball pythons
  3 frilled lizards
  3 rats
43 creatures vanquished.

Vanquished Creatures (collateral kills)
  Robin (D:4)
  2 goblins (D:4)
3 creatures vanquished.

Grand Total: 46 creatures vanquished

Notes
Turn   | Place    | Note
-------+----------+-------------------------------------------
     0 | D:1      | frimble the Demonspawn Warper began the quest for the Orb.
     0 | D:1      | Reached XP level 1. HP: 16/16 MP: 3/3
    78 | D:1      | Reached skill level 1 in Armour
   260 | D:1      | Reached skill level 2 in Short Blades
   569 | D:1      | Gained mutation: You are partially covered in slimy green
                  | scales. (AC +2) [demonic ancestry]
   569 | D:1      | Reached XP level 2. HP: 17/22 MP: 5/5
   895 | D:2      | Reached skill level 1 in Stealth
  1243 | D:2      | Gained mutation: A weak demonic guardian rushes to your
                  | aid. [demonic ancestry]
  1243 | D:2      | Reached XP level 3. HP: 22/27 MP: 6/6
  1548 | D:2      | Noticed Natasha
  1563 | D:2      | Killed Natasha
  1807 | D:3      | Reached skill level 1 in Throwing
  2195 | D:3      | Reached skill level 3 in Short Blades
  2207 | D:3      | Reached XP level 4. HP: 33/33 MP: 7/7
  2251 | D:3      | Found a faded altar of an unknown god.
  2675 | D:4      | Noticed Robin
  2690 | D:4      | Killed Robin
  2704 | D:4      | Slain by a goblin

Illustrated notes

Levels and vault maps discovered:
D:1:      minmay_arrival_shoal_huts, layout_rooms, st_stairs_13
D:2:      layout_basic, uniq_natasha
D:3:      layout_loops_cross, hellmonk_ecumenical_altar_run_dry
D:4:      layout_gridville, minmay_temple_entry_arrows, uniq_eustachio,
          uniq_robin, uniq_menkaure, uniq_edmund

Skill      XL: |  1  2  3 |
---------------+----------+-----
Armour         | 1 |  1.0
Short Blades   | 2 3 |  3.2
Stealth        | 1 2 |  2.2
Throwing       | 1 |  1.6
Fighting       | |  2.0
Dodging        | |  1.7
Spellcasting   | |  2.0
Translocations | |  2.7

Action                   |  1- 3 |  4- 6 || total
-------------------------+-------+-------++-------
Melee: Short sword       |   108 |    26 ||   134
       Punch             |     3 |       ||     3
       Rapier            |       |    12 ||    12
Throw: Boomerang         |     3 |       ||     3
  Use: Scroll            |     8 |     3 ||    11
 Stab: Sleeping          |     3 |     2 ||     5
Armor: Leather armour    |    32 |    10 ||    42
Dodge: Dodged            |    61 |    17 ||    78

Table legend: (Time is in decaauts)
 A = Elapsed time spent in this place.
 B = Non-inter-level travel time spent in this place.
 C = Inter-level travel time spent in this place.
 D = Time resting spent in this place.
 E = Time spent auto-exploring this place.
 F = Levels seen in this place.
 G = Mean time per level.
                   A        B        C        D        E       F      G
               +--------+--------+--------+--------+--------+-----+--------+
         Total |   2705 |   2638 |     67 |     26 |   2182 |   4 |  676.2 |
       Dungeon |   2705 |   2638 |     67 |     26 |   2182 |   4 |  676.2 |
               +--------+--------+--------+--------+--------+-----+--------+

Top non-repeatable levels by time:
     D:1: 895 daAuts
     D:3: 888 daAuts
     D:2: 838 daAuts
     D:4: 83 daAuts
